 Dungeon Crawl Stone Soup version 0.17-a0-2204-gf7318e6 (webtiles) character file.

46 Minkie the Cutter (level 3, -2/36 HPs)
             Began as a Kobold Berserker on Oct 26, 2015.
             Was a Believer of Trog.
             Killed from afar by Sigmund (9 damage)
             ... with a wand of magic darts
             ... on level 2 of the Dungeon.
             The game lasted 00:04:08 (1004 turns).

Minkie the Cutter (Kobold Berserker)                Turns: 1004, Time: 00:04:08

Health: -2/36      AC:  2    Str: 20    XL:     3   Next: 95%
Magic:  3/3        EV: 16    Int:  5    God:    Trog [**....]
Gold:   60         SH:  0    Dex: 16    Spells: 0 memorised, 2 levels left

rFire  . . .     SeeInvis .     a - +0 short sword
rCold  . . .     Clarity  .     b - +0 animal skin
rNeg   + . .     SustAt   .     (shield restricted)
rPois  .         Gourm    .     (no helmet)
rElec  .         Spirit   .     (no cloak)
rCorr  .         Warding  .     (no gloves)
rMut   .         Stasis   .     (no boots)
MR     .....                    (no amulet)
Stlth  ..........               m - ring of positive energy
                                e - ring of stealth

@: berserking, very quick, not resistant to hostile enchantments, extremely
unstealthy
A: carnivore 3
a: Berserk, Trog's Hand, Burn Spellbooks, Renounce Religion


You were on level 2 of the Dungeon.
You worshipped Trog.
Trog was pleased with you.
You were very full.

You visited 1 branch of the dungeon, and saw 2 of its levels.

You collected 60 gold pieces.

Inventory:

Hand Weapons
 a - a +0 short sword (weapon)
Missiles
 i - 16 poisoned needles
Armour
 b - a +0 animal skin (worn)
Jewellery
 e - a ring of stealth (left hand)
 j - an uncursed ring of sustain attributes
 m - a ring of positive energy (right hand)
Scrolls
 d - a scroll of random uselessness {unknown}
 f - 2 scrolls of enchant armour {unknown}
 g - a scroll of amnesia {unknown}
 h - a scroll of teleportation {unknown}
 n - a scroll of recharging {unknown}
Potions
 k - 2 potions of brilliance {unknown}
 o - 2 potions of heal wounds {unknown}
Comestibles
 c - a meat ration


   Skills:
 + Level 3.8 Fighting
 * Level 5.1 Short Blades
 - Level 1.5 Armour
 + Level 3.0 Dodging


You had 2 spell levels left.
You didn't know any spells.

Dungeon Overview and Level Annotations

Branches:
Dungeon (2/15)

Altars:

Annotations:
D:2 Sigmund


Innate Abilities, Weirdness & Mutations

You are small and have problems with some larger weapons.
You are carnivorous and can eat meat at any time.


Message History

You start resting.
HP restored.
Sigmund the Dreaded comes into view.
He is wielding a scythe of slicing.
Sigmund zaps a wand.
The magic dart hits you!
It is a wand of magic darts.
Sigmund casts a spell.
Sigmund flickers and vanishes!
Deactivating autopickup; reactivate with Ctrl-A.
You hear a zap.
A magic dart appears from out of thin air!
The magic dart hits you!
You hear a zap.
A magic dart appears from out of thin air!
The magic dart hits you!
* * * LOW HITPOINT WARNING * * *
A red film seems to cover your vision as you go berserk!
You feel yourself moving faster!
You feel mighty!
You feel somewhat less full.
You hear a zap.
A magic dart appears from out of thin air!
The magic dart hits you!
You die...

########################
........................
...#############@....##
...# #.{...# ...#
#.....# ...# #.....#
...# #.....# ...#
#.....# #### #######


There were no monsters in sight!

Vanquished Creatures
  An adder (D:2)
  An ooze (D:1)
  A ball python (D:2)
  7 bats
  3 giant cockroaches (D:1)
  3 goblins (D:1)
  3 hobgoblins (D:1)
  2 giant geckos
  A giant newt (D:2)
  5 kobolds (D:1)
  5 rats
32 creatures vanquished.

Notes
Turn   | Place    | Note
--------------------------------------------------------------
     0 | D:1      | Minkie the Kobold Berserker began the quest for the Orb.
     0 | D:1      | Reached XP level 1. HP: 14/14 MP: 1/1
    78 | D:1      | Reached XP level 2. HP: 16/19 MP: 2/2
   501 | D:1      | Reached XP level 3. HP: 23/23 MP: 3/3
   585 | D:2      | Reached ** piety under Trog
   881 | D:2      | Reached skill level 5 in Short Blades
   997 | D:2      | Noticed Sigmund
  1004 | D:2      | Killed from afar by Sigmund

Vault maps used:
D:1:      dpeg_arrival_tiny_f, serial_glass, glass_columns_b, glass_columns_a,
          glass_columns_b, glass_columns_c, glass_columns_c, glass_columns_a,
          hangedman_decor_clover_reticule, kennysheep_doodads,
          minmay_misc_feat_enclosed
D:2:      nicolae_overflow_hidden_temple, first_bread, uniq_sigmund, uniq_robin

Action                   || total
-------------------------++-------
Melee: Short sword       ||   117
Invok: Berserk           ||     3
 Stab: Sleeping          ||     2
  Eat: Chunk             ||    10
